 Dungeon Crawl Stone Soup version 0.24-a0-584-g9d6b971ae4 (webtiles) character file.

Game seed: 2873712862884540180, levelgen mode: deterministic

411 Goblin1989 the Covert (level 6, 0/35 HPs)
             Began as a Vampire Assassin on Aug 29, 2019.
             Slain by Duvessa
             ... wielding a +0 short sword
              (10 damage)
             ... on level 4 of the Dungeon.
             The game lasted 00:06:29 (3778 turns).

Goblin1989 the Covert (Vampire Assassin)            Turns: 3778, Time: 00:06:29

Health: 0/35       AC:  0    Str:  4 (10) XL:     6   Next: 58%
Magic:  4/6        EV: 18    Int:  8 (14) God:
Gold:   185        SH:  0    Dex: 16 (22) Spells: 5/5 levels left

rFire    . . .     SeeInvis +   (weapon currently unavailable)
rCold    + + .     Gourm    .   (shield currently unavailable)
rNeg     + + +     Faith    .   (armour currently unavailable)
rPois    ∞         Spirit   .   (helmet currently unavailable)
rElec    .         Reflect  .   (cloak currently unavailable)
rCorr    .         Harm     .   (gloves currently unavailable)
MR       .....                  (boots currently unavailable)
Stlth    ++++++....             e - amulet of magic regeneration
HPRegen  0.00/turn              (ring currently unavailable)
MPRegen  0.35/turn              (ring currently unavailable)

@: bat-form, flying, bloodless, regenerating quickly, very quick
A: tiny, no food, fangs 3, see invisible
a: Revivify, End Transformation


You were on level 4 of the Dungeon.
You were bloodless.
You were in vampire-bat-form.
You visited 1 branch of the dungeon, and saw 4 of its levels.

You collected 185 gold pieces.

Inventory:

Hand Weapons
 a - a +2 dagger (melded)
Missiles
 d - 34 poisoned darts (quivered)
 g - 2 curare-tipped darts
 X - 5 silver boomerangs
 Z - a throwing net {!d , @Q1}
Armour
 b - a +0 robe (melded)
 c - a +0 cloak (melded)
Jewellery
 e - an amulet of magic regeneration (around neck)
Wands
 l - a wand of acid (7) {@v2}
Scrolls
 n - a scroll of enchant weapon {unknown}
 o - a scroll of blinking {unknown}
 R - 3 scrolls of identify {@r1}
 T - a scroll of teleportation
Potions
 i - a potion of degeneration {unknown}
 j - a potion of flight
 k - a potion of ambrosia {unknown}
 q - 4 potions of heal wounds {unknown}
 Y - 2 potions of curing {unknown}


   Skills:
 - Level 1.7 Fighting
 + Level 5.7 Short Blades
 - Level 1.5 Throwing
 - Level 1.1 Dodging
 + Level 9.5 Stealth


You had 5 spell levels left.
You didn't know any spells.
Your spell library was empty.

Dungeon Overview and Level Annotations

Branches:
Dungeon (4/15)
 Temple: D:4-7

Altars:

Annotations:
D:4 Duvessa


Innate Abilities, Weirdness & Mutations

You do not eat.
You do not regenerate when monsters are visible.
You are frail without blood (-20% HP).
You are immune to poison.
You have razor-sharp teeth.
You have supernaturally acute eyesight. (SInv)
((You can survive without breathing.))


Message History

You closely miss the orc.
The orc is heavily wounded.
The orc hits you but does no damage.
You hit the orc.
You kill the orc!
Things that are here:
a +0 dagger; a +0 chain mail; an orc corpse
d - 32 poisoned darts (gained 1)
d - 33 poisoned darts (gained 1);
g - 2 curare-tipped darts (gained 1)
Things that are here:
a +0 leather armour; a cursed -1 dagger
d - 34 poisoned darts (gained 1)
You see here a +0 flail.
Okay, then.
You see here a poisoned dart.
You turn into a vampire bat.
Your +2 dagger melds into your body.
Your +0 cloak melds into your body.
Your +0 robe melds into your body.
You feel weakened.
You feel dopey.
You feel clumsy.
You now have 4/6 mp.
You see here 4 poisoned darts.
A jackal skeleton comes into view.
You see here a poisoned dart.
MP restored: 6
Okay, then.
Your transformation has ended.
Your +2 dagger unmelds from your body.
Your +0 cloak unmelds from your body.
Your +0 robe unmelds from your body.
The jackal skeleton closely misses you. The jackal skeleton barely misses you.
You barely miss the jackal skeleton. The jackal skeleton misses you.
You hit the jackal skeleton.
The jackal skeleton is moderately damaged.
The jackal skeleton barely misses you.
You hit the jackal skeleton.
The jackal skeleton is heavily damaged.
You hit the jackal skeleton.
The jackal skeleton is severely damaged.
The jackal skeleton completely misses you.
You hit the jackal skeleton.
You destroy the jackal skeleton!
Health restored: 35 Duvessa, Sister of Dowan comes into view.
She is wielding a +0 short sword and wearing a +1 leather armour of poison resistance.
Unknown command.
You turn into a vampire bat.
Your +2 dagger melds into your body.
Your +0 cloak melds into your body.
Your +0 robe melds into your body.
You feel weakened.
You feel dopey.
You feel clumsy.
Duvessa goes berserk!
You now have 4/6 mp.
You hear a shout!
MP restored: 6
There is a stone staircase leading down here.
Duvessa rages.
You see here an uncursed ring of teleportation.
Duvessa rages.
Things that are here:
a +0 war axe; an orc skeleton You now have 185 gold pieces (gained 13).
You hear a shout!
Duvessa rages.
Things that are here:
a +0 leather armour; a +0 flail; an orc skeleton Duvessa shouts!
Things that are here:
a +0 leather armour; a +0 flail; an orc skeleton Your transformation has ended.
Your +2 dagger unmelds from your body.
Your +0 cloak unmelds from your body.
Your +0 robe unmelds from your body.
Duvessa looks more energetic.
Duvessa says, "The sword shall overcome grief!"
Duvessa completely misses you.
You hit Duvessa.
Duvessa is lightly wounded.
Duvessa hits you with a +0 short sword!
You take 9 damage, and have 26/35 hp.
MASSIVE DAMAGE!!
You hit Duvessa but do no damage. Your bite misses Duvessa.
Duvessa is lightly wounded.
Duvessa hits you with a +0 short sword.
You take 3 damage, and have 23/35 hp.
You hit Duvessa.
Duvessa is lightly wounded.
Duvessa hits you with a +0 short sword.
You take 5 damage, and have 18/35 hp.
You hit Duvessa but do no damage.
Duvessa is lightly wounded.
You closely miss Duvessa. Your bite misses Duvessa.
Duvessa is lightly wounded.
Duvessa hits you but does no damage.
You hit Duvessa.
Duvessa is lightly wounded.
Duvessa hits you with a +0 short sword!
* * * LOW HITPOINT WARNING * * *
You take 8 damage, and have 10/35 hp.
MASSIVE DAMAGE!!
You hit Duvessa but do no damage.
Duvessa is lightly wounded.
You hit Duvessa.
Duvessa is moderately wounded.
Duvessa closely misses you.
You turn into a vampire bat.
Your +2 dagger melds into your body.
Your +0 cloak melds into your body.
Your +0 robe melds into your body.
You feel weakened.
You feel dopey.
You feel clumsy. Duvessa hits you with a +0 short sword!
You die...

█.█ █..>.......█
██.█████████..........█
...██.....(.?.........█ ....
...█......██..........█ .[.. █
....)..........)......███...█ .█
....██████████[██...████..█.█...
......███ █.████..███.██.....
...█.....█ █.e████..█?.......
...██..█..█ ██.b████......█
..e███.....█████.....)[..███
......███............█)).█
..=██..██.........██.....█
.....█.....█......███..█.███
............<......█.........
.>..........[...........█....
..........................██..
.....████..█.(...██....$███ █


You could see Duvessa.

Vanquished Creatures
  A scorpion (D:4)
  Dowan (D:4)
  A hound (D:4)
  An orc priest (D:4)
  2 worker ants
  4 gnolls (D:3)
  5 adders
  A howler monkey skeleton (D:2)
  4 oozes
  A worm (D:3)
  2 dart slugs
  4 leopard geckos
  9 orcs
  8 bats
  3 giant cockroaches
  9 goblins
  5 hobgoblins
  7 jackals
  2 quokkas
  3 ball pythons
  5 frilled lizards
  A jackal skeleton (D:4)
  4 kobolds
  5 rats
88 creatures vanquished.

Notes
Turn   | Place    | Note
-------+----------+-------------------------------------------
     0 | D:1      | Goblin1989 the Vampire Assassin began the quest for the
                  | Orb.
     0 | D:1      | Reached XP level 1. HP: 16/16 MP: 1/1
    15 | D:1      | Reached skill level 6 in Stealth
   231 | D:1      | Reached XP level 2. HP: 15/17 MP: 2/2
   533 | D:1      | Reached XP level 3. HP: 21/21 MP: 3/3
   904 | D:2      | Reached skill level 7 in Stealth
  1096 | D:2      | Reached XP level 4. HP: 26/26 MP: 4/4
  1880 | D:3      | Reached skill level 8 in Stealth
  1880 | D:3      | Reached XP level 5. HP: 30/30 MP: 5/5
  3155 | D:4      | Reached skill level 5 in Short Blades
  3180 | D:4      | Reached XP level 6. HP: 28/35 MP: 6/6
  3193 | D:4      | Reached skill level 9 in Stealth
  3424 | D:4      | Noticed Dowan
  3445 | D:4      | Killed Dowan
  3713 | D:4      | Noticed Duvessa
  3778 | D:4      | Slain by Duvessa

Levels and vault maps discovered:
D:1:      dpeg_arrival_court, layout_basic, minmay_box_of_dots
D:2:      layout_rooms
D:3:      layout_basic, first_ration
D:4:      layout_rooms, uniq_duvessa

Skill      XL: |  1  2  3  4  5  6 |
---------------+-------------------+-----
Stealth        | 6 7 8 9 |  9.5
Short Blades   | 3 4 5 |  5.7
Fighting       | |  1.7
Throwing       | |  1.5
Dodging        | |  1.1

Action                   |  1- 3 |  4- 6 || total
-------------------------+-------+-------++-------
Melee: Dagger            |    62 |   196 ||   258
       Bite              |     3 |    26 ||    29
Throw: Dart              |       |    16 ||    16
 Abil: Exsanguinate      |     1 |       ||     1
       Bat Form          |       |     3 ||     3
       End Transformatio |       |     2 ||     2
  Use: Scroll            |       |     5 ||     5
 Stab: Sleeping          |    24 |    15 ||    39
Armor: Robe              |     7 |    19 ||    26
Dodge: Dodged            |    14 |    86 ||   100

Table legend:
 A = Non-vault XP
 B = Vault XP
 C = Vault XP percentage of total XP
 D = Non-vault monster count
 E = Vault monster count
 F = Vault count percentage of total count
                 A         B        C        D         E       F
            +---------+---------+-------+---------+---------+-------
      Total |     516 |      72 |  12.2 |      83 |       5 |   5.7
            +---------+---------+-------+---------+---------+-------
        D:1 |      39 |       6 |  13.3 |      18 |       4 |  18.2
        D:2 |     104 |       0 |   0.0 |      24 |       0 |   0.0
        D:3 |     150 |       0 |   0.0 |      27 |       0 |   0.0
        D:4 |     223 |      66 |  22.8 |      14 |       1 |   6.7
            +---------+---------+-------+---------+---------+-------

Levels and vault maps discovered:
D:1:      dpeg_arrival_court, layout_basic, minmay_box_of_dots
D:2:      layout_rooms
D:3:      layout_basic, first_ration
D:4:      layout_rooms, uniq_duvessa
